 Seeded DCSS version 0.30.1-4-g462c640d31 (webtiles) character file.

Game seed: 6351066067085065685 (custom seed)

214 Esekla the Magician (level 5, -5/28 HPs)
             Began as a Deep Elf Wanderer on Sept 15, 2023.
             Was a Follower of Vehumet.
             Slain by a gnoll
             ... wielding a +0 halberd
             ... led by a gnoll bouda
              (14 damage)
             ... on level 4 of the Dungeon.
             The game lasted 00:23:16 (3355 turns).

Esekla the Magician (Deep Elf Wanderer)             Turns: 3355, Time: 00:23:17

Health: -5/28      AC:  4    Str: 11    XL:     5   Next: 60%
Magic:  2/15       EV: 11    Int: 20    God:    Vehumet [*.....]
Gold:   234        SH:  4    Dex: 11    Spells: 4/15 levels left

rFire   . . .        a - +2 dagger (vamp)
rCold   . . .        d - +0 buckler
rNeg    . . .        c - +0 robe
rPois   .            l - +0 helmet
rElec   .            (no cloak)
rCorr   .            k - +0 pair of gloves
SInv    .            (no boots)
Will    .....        z - amulet of magic regeneration
Stlth   ++           (no ring)
HPRegen 0.24/turn    (no ring)
MPRegen 0.54/turn

%: no passive effects
@: weakened, very slightly contaminated
A: no striking features
a: Renounce Religion


You were on level 4 of the Dungeon.
You worshipped Vehumet.
Vehumet was aware of your devotion.
You visited 1 branch of the dungeon, and saw 6 of its levels.

You collected 234 gold pieces.

Inventory:

Hand Weapons
 a - a +2 vampiric dagger (weapon)
 r - a +0 trident
 s - the +5 rapier of the Hero {heavy, rN+ Dex+3}
   (You found it on level 3 of the Dungeon)

   Dex:       It affects your dexterity (+3).
   rN:        It protects you from negative energy.
Missiles
 w - 4 poisoned darts (quivered)
Armour
 c - a +0 robe (worn)
 d - a +0 buckler (worn)
 k - a +0 pair of gloves (worn)
 l - a +0 helmet (worn)
Jewellery
 z - an amulet of magic regeneration (around neck)
Wands
 i - a wand of roots (16)
 A - a wand of flame (15)
Scrolls
 g - 3 scrolls of identify
 n - a scroll of enchant armour {unknown}
 o - a scroll of amnesia {unknown}
 p - a scroll of blinking {unknown}
 q - 3 scrolls of enchant weapon {unknown}
 t - a scroll of immolation {unknown}
 x - 2 scrolls of fog {unknown}
 y - a scroll of magic mapping
Potions
 b - 2 potions of lignification
 e - a potion of ambrosia {unknown}
 f - 2 potions of attraction {unknown}
 h - a potion of heal wounds {unknown}
 j - 2 potions of curing
 m - a potion of mutation {unknown}
 u - a potion of haste {unknown}
 v - 3 potions of brilliance {unknown}


   Skills:
 + Level 1.6 Short Blades
 * Level 2.5 Dodging
 + Level 1.7 Stealth
 + Level 1.7 Shields
 * Level 5.9 Spellcasting
 + Level 1.5 Conjurations
 * Level 1.4 Necromancy
 + Level 3.2 Translocations
 + Level 1.0 Invocations


You had 4 spell levels left.
You knew the following spells:

 Your Spells              Type           Power      Damage    Failure   Level
a - Magic Dart            Conj           48%        1d5       9%          1
b - Blink                 Tloc           38%        N/A       6%          2
d - Vampiric Draining     Necr           11%        2d6       26%         3
e - Shock                 Conj/Air       36%        1d5       11%         1
p - Apportation           Tloc           38%        N/A       4%          1
t - Teleport Other        Tloc           19%        N/A       12%         3

Your spell library contained the following spells:

 Spells                   Type           Power      Damage    Failure   Level
 Lesser Beckoning         Tloc           38%        N/A       6%          2
 Gell's Gravitas          Tloc           19%        N/A       12%         3
 Ignite Poison            Fire/Tmut/Pois 5%         N/A       43%         3
 Spider Form              Tmut/Pois      5%         N/A       43%         3
 Cause Fear               Hex            2%         N/A       83%         4
 Summon Mana Viper        Hex/Summ       5%         N/A       99%         5


Dungeon Overview and Level Annotations

Branches:
Dungeon (6/15)
 Temple: D:4-7

Altars:
Dithmenos
Hepliaklqana
Okawaru
Qazlal
Trog
Vehumet
Zin
The Shining One

Shops:
D:2 =   D:4 (

Annotations:
D:2 black bear


Message History

Press: ? - help, Shift-Dir - straight line, f/p - gnoll bouda
Aim: a gnoll bouda, wielding a +0 club and wearing a +0 leather armour (heavily wounded, poisoned)
You miscast Vampiric Draining.
Nothing appears to happen.
The gnoll bouda hits you with a +0 club!
* * * LOW HITPOINT WARNING * * *
Casting: Vampiric Draining (extremely dangerous; 26% risk of failure)
Confirm with . or Enter, or press ? or * to list all spells.
The spell is extremely dangerous to miscast (26% risk of failure)!
Continue anyway?
Aiming: Vampiric Draining (extremely dangerous; 26% risk of failure)
Press: ? - help, Shift-Dir - straight line, f/p - gnoll bouda
Aim: a gnoll bouda, wielding a +0 club and wearing a +0 leather armour (heavily wounded, poisoned)
You draw life force from the gnoll bouda!
You kill the gnoll bouda!
Vehumet accepts your kill.
You feel life coursing into your body.
Your life force feels restored.
Your Translocations skill increases to level 3!
Okay, then.
It was a potion of curing.
You feel better.
The gnoll is no longer moving quickly.
The gnoll hits you with a +0 halberd!
* * * LOW HITPOINT WARNING * * *
Casting: Vampiric Draining (quite dangerous; 26% risk of failure)
Confirm with . or Enter, or press ? or * to list all spells.
The spell is quite dangerous to miscast (26% risk of failure)!
Continue anyway?
Aiming: Vampiric Draining (quite dangerous; 26% risk of failure)
Press: ? - help, Shift-Dir - straight line, f - gnoll
Aim: a gnoll, wielding a +0 halberd You draw life force from the gnoll!
You feel life coursing into your body. The gnoll barely misses you.
You barely miss the gnoll.
The gnoll is severely wounded.
The gnoll barely misses you.
You hit the gnoll but do no damage.
The gnoll is heavily wounded.
The gnoll closely misses you.
You barely miss the gnoll.
The gnoll is heavily wounded.
The gnoll hits you with a +0 halberd!
Ouch! That really hurt!
You die...

...............................>.
.##....##....g(.........######...
.##....##.....g.........### #...
.#............g...........####...
.#...........g(.##...............
.#............g...............#+#
.##..............................
.#####........g#####.............
.##.........#.'#@#.#'....##......
............###g.#.(##...##......
............##.._#_..#....#......
............##########....+......
.....[......##.._#_..#....#......
.....####'#####).#..##...........
............).'#.#.#'..#......#..
..........###..#####...#.........
..........###..........#.........


You could see a gnoll.

Vanquished Creatures
  A gnoll bouda (D:4)
  A hound (D:3)
  2 iguanas
  4 adders
  A worm (D:4)
  2 dart slugs
  7 orcs
  4 bats
  4 endoplasms
  8 goblins
  5 hobgoblins
  A quokka (D:1)
  6 ball pythons
  4 frilled lizards
  5 kobolds
  A rat (D:2)
56 creatures vanquished.

Notes
Turn   | Place    | Note
-------+----------+-------------------------------------------
     0 | D:1      | Esekla the Deep Elf Wanderer began the quest for the Orb.
     0 | D:1      | Esekla set off with the following items: a +0 club, a
                  | potion of lignification, a +0 robe, a +0 buckler; and the
                  | following spells available to memorise: Apportation, Blink,
                  | Lesser Beckoning, Magic Dart, Ignite Poison, Vampiric
                  | Draining.
     0 | D:1      | Reached XP level 1. HP: 10/10 MP: 7/7
     2 | D:1      | Learned a level 1 spell: Magic Dart
     4 | D:1      | Learned a level 1 spell: Apportation
   264 | D:2      | Found Renulab's Jewellery Shop.
   420 | D:4      | Found a radiant altar of Vehumet.
   431 | D:4      | Found an iron altar of Okawaru.
   439 | D:4      | Found a glowing silver altar of Zin.
   525 | D:4      | Became a worshipper of Vehumet
   631 | D:3      | Reached XP level 2. HP: 10/15 MP: 9/9
   931 | D:3      | You fall into a shaft and drop 3 floors!
   978 | D:5      | Entered Level 5 of the Dungeon
  1020 | D:5      | Reached skill level 5 in Spellcasting
  1023 | D:5      | Learned a level 2 spell: Blink
  1127 | D:4      | Found Ponaysk's Antique Weapon Boutique.
  1347 | D:3      | Identified the +5 rapier of the Hero {heavy, rN+ Dex+3}
  1623 | D:2      | Reached skill level 1 in Dodging
  1623 | D:2      | Reached XP level 3. HP: 17/19 MP: 7/11
  1627 | D:2      | Learned a level 3 spell: Vampiric Draining
  1709 | D:3      | Found a stormy altar of Qazlal.
  1711 | D:3      | Found a bloodstained altar of Trog.
  1955 | D:2      | Reached skill level 1 in Short Blades
  2069 | D:1      | Reached * piety under Vehumet
  2069 | D:1      | Offered knowledge of Shock by Vehumet.
  2072 | D:1      | Learned a level 1 spell: Shock
  2091 | D:1      | Reached XP level 4. HP: 24/24 MP: 9/13
  2212 | D:2      | Found a faded altar of an unknown god.
  2243 | D:2      | Reached skill level 1 in Conjurations
  2438 | D:1      | Reached skill level 1 in Necromancy
  2545 | D:2      | Noticed a black bear
  2783 | D:3      | Reached XP level 5. HP: 28/28 MP: 10/15
  2801 | D:3      | Found a hazy altar of Hepliaklqana.
  3114 | D:5      | Got the Parchment of the Lumpy Olives
  3119 | D:5      | Learned a level 3 spell: Teleport Other
  3128 | D:5      | Found a shadowy altar of Dithmenos.
  3321 | D:4      | Found a glowing golden altar of the Shining One.
  3349 | D:4      | HP: 1/26 [gnoll bouda/+0 club (11)]
  3355 | D:4      | Slain by a gnoll

Illustrated notes

Levels and vault maps discovered:
D:1:      sevenhm_arrival_forest_fort_small_3, layout_rooms,
          chequers_serial_rivers_room_b, minmay_misc_feat_five
D:2:      layout_loops_ring, dreamdust_ecumenical_altar_angels_and_demons,
          serial_shops, shop
D:3:      layout_basic, grunt_temple_overflow_open, minmay_misc_feat_iff
D:4:      layout_basic, nicolae_overflow_quartered_altars, serial_shops,
          nicolae_diamond_shop
D:5:      layout_loops_ring, lemuel_doored_altar, minmay_misc_feat_rows,
          dreamdust_wishing_well
D:6:      layout_loops_cross, fedhas_altar_fruit_tree,
          minmay_temple_entry_glass, uniq_pikel, uniq_blork_the_orc

Skill      XL: |  1  2  3  4  5 |
---------------+----------------+-----
Spellcasting   | 5 |  5.9
Dodging        | 1 2 |  2.5
Short Blades   | 1 |  1.6
Conjurations   | 1 |  1.5
Necromancy     | 1 |  1.4
Translocations | 3 |  3.2
Stealth        | |  1.7
Shields        | |  1.7
Invocations    | |  1.0

Action                     |  1- 3 |  4- 6 || total
---------------------------+-------+-------++-------
  Melee: Short sword       |    62 |    46 ||   108
         Dagger            |       |     8 ||     8
  Throw: Dart              |       |    11 ||    11
   Cast: Apportation       |    32 |     9 ||    41
         Magic Dart        |    39 |    27 ||    66
         Blink             |     1 |       ||     1
         Vampiric Draining |     1 |     8 ||     9
    Use: Scroll            |     2 |     1 ||     3
         Potion            |       |     1 ||     1
   Stab: Sleeping          |     4 |     2 ||     6
 Armour: Robe              |    20 |     5 ||    25
  Dodge: Dodged            |    41 |    26 ||    67
  Block: Buckler           |    12 |     4 ||    16
